 Dungeon Crawl Stone Soup version 0.27-a0-1513-g2aaa0cc67b (webtiles) character file.

Game seed: 17924695458602691574

22161 quinnr the Stormcaller (level 12, -25/70 HPs)
             Began as a Tengu Air Elementalist on July 9, 2021.
             Was a Priest of Vehumet.
             Killed from afar by an ice dragon (52 damage)
             ... with a blast of cold
             ... on level 13 of the Dungeon.
             The game lasted 00:44:10 (24926 turns).

quinnr the Stormcaller (Tengu Air Elementalist)    Turns: 24926, Time: 00:44:11

Health: -25/70     AC:  7    Str:  8    XL:     12   Next: 97%
Magic:  19/28      EV: 19    Int: 21    God:    Vehumet [***...]
Gold:   719        SH:  0    Dex: 15    Spells: 4/19 levels left

rFire    . . .     SeeInvis .   R - staff of air
rCold    . . .     Faith    .   (no shield)
rNeg     . . .     Spirit   .   E - +2 leather armour {Will+}
rPois    +         Reflect  .   (helmet restricted)
rElec    +         Harm     .   S - +1 cloak
rCorr    .         Rampage  .   (no gloves)
Will     +....                  (boots unavailable)
Stlth    ++........             F - amulet of the acrobat
HPRegen  0.21/turn              U - ring of magical power
MPRegen  0.21/turn              D - ring of poison resistance

@: flying quickly and evasively, quick
A: beak, talons 3, nimble flight
a: Renounce Religion


You were on level 13 of the Dungeon.
You worshipped Vehumet.
Vehumet was most pleased with you.
You visited 2 branches of the dungeon, and saw 14 of its levels.
You also visited: Ossuary.

You collected 916 gold pieces.
You spent 197 gold pieces at shops.

Inventory:

Hand Weapons
 d - a +4 dagger
Missiles
 K - 4 datura-tipped darts
 V - 3 throwing nets
Armour
 a - a +0 robe
 E - a +2 leather armour of willpower (worn)
 S - a +1 cloak (worn)
Magical Staves
 C - a staff of conjuration
 R - a staff of air (weapon)
 Y - a staff of fire
Jewellery
 c - a ring of protection from fire
 D - a ring of poison resistance (right hand)
 F - an amulet of the acrobat (around neck)
 H - a ring of resist corrosion
 P - a ring of protection from cold
 U - a ring of magical power (left hand)
 Z - a +6 ring of intelligence
Wands
 m - a wand of flame (41)
 u - a wand of polymorph (5)
 I - a wand of digging (5)
 T - a wand of paralysis (5)
 W - a wand of acid (7)
Scrolls
 b - 2 scrolls of identify
 f - 3 scrolls of fog
 i - 2 scrolls of vulnerability
 l - 2 scrolls of amnesia
 o - 2 scrolls of immolation
 t - a scroll of summoning
 v - 2 scrolls of enchant armour {unknown}
 x - 2 scrolls of torment
 y - a scroll of holy word
 B - 4 scrolls of teleportation
 J - a scroll of brand weapon
 O - 2 scrolls of enchant weapon {unknown}
 Q - 2 scrolls of blinking {unknown}
 X - a scroll of silence
Potions
 e - 5 potions of brilliance
 g - 6 potions of attraction
 h - 10 potions of curing
 j - 4 potions of ambrosia
 k - a potion of magic
 n - 4 potions of haste
 r - 4 potions of lignification
 s - 6 potions of heal wounds
 z - 4 potions of might
 A - a potion of mutation
 G - 2 potions of cancellation
 L - a potion of resistance
 N - 2 potions of invisibility
Miscellaneous
 p - a condenser vane
 w - a phantom mirror (inert)


   Skills:
 - Level 6.0 Fighting
 - Level 3.0 Armour
 + Level 10.5 Dodging
 - Level 3.0 Stealth
 - Level 4.0 Spellcasting
 - Level 9.0 Conjurations
 + Level 18.7 Air Magic
 - Level 4.0 Evocations


You had 4 spell levels left.
You knew the following spells:

 Your Spells              Type           Power      Damage    Failure   Level
a - Shock                 Conj/Air       100%       1d9       1%          1
b - Airstrike             Air            45%        N/A       1%          4
c - Poisonous Vapours     Pois/Air       100%       N/A       1%          2
d - Mephitic Cloud        Conj/Pois/Air  59%        N/A       1%          3
e - Freezing Cloud        Conj/Ice/Air   29%        6-21      3%          5

Your spell library contained the following spells:

 Spells                   Type           Power      Damage    Failure   Level
 Sticky Flame             Conj/Fire      23%        2d4       7%          4
 Static Discharge         Conj/Air       76%        N/A       1%          2
 Swiftness                Air            90%        N/A       1%          3
 Dazzling Flash           Conj/Hex       46%        N/A       2%          3
 Stone Arrow              Conj/Erth      46%        3d9       2%          3
 Freeze                   Ice            16%        1d4       4%          1
 Hailstorm                Conj/Ice       23%        3d7       7%          4
 Iskenderun's Mystic Bla  Conj/Tloc      23%        2d6       7%          4
 Frozen Ramparts          Ice            8%         1d2       13%         3
 Slow                     Hex            4%         N/A       26%         2
 Confusing Touch          Hex            4%         N/A       45%         3
 Vampiric Draining        Necr           2%         2d6       45%         3
 Animate Dead             Necr           2%         N/A       86%         4
 Bolt of Magma            Conj/Fire/Erth 8%         4d6       32%         5
 Starburst                Conj/Fire      11%        8x6d5     67%         6
 Haunt                    Necr/Summ      2%         N/A       100%        7
 Infestation              Necr           2%         N/A       100%        8
 Shatter                  Erth           2%         3d6*      100%        9


Dungeon Overview and Level Annotations

Branches:
Dungeon (13/15)            Temple (1/1) D:6            Lair (0/6) D:9
    Orc (0/2) D:9         Ossuary (visited)
 Vaults: D:13-14

Altars:
Ashenzari
Cheibriados
Dithmenos
Elyvilon
Fedhas
Gozag
Hepliaklqana
Kikubaaqudgha
Makhleb
Nemelex Xobeh
Okawaru
Qazlal
Ru
Sif Muna
Trog
Uskayaw
Vehumet
Wu Jian
Xom
Yredelemnul
Zin
The Shining One

Shops:
D:2 !   D:5 [   D:11 *   D:12 =

Annotations:
D:3 1 runed translucent door, Spaninq's ghost, amateur TrCK


Innate Abilities, Weirdness & Mutations

You have a beak for a mouth.
You have claws for feet.
Your magical nature lets you fly swiftly and evasively.


Message History

Confirm with . or Enter, or press ? or * to list all spells.
Aiming: Freezing Cloud (dangerous; 3% risk of failure)
Press: ? - help, Dir - move target, f - you, p - ice dragon
Okay, then.
Unknown command.
Casting: Freezing Cloud (dangerous; 3% risk of failure)
Confirm with . or Enter, or press ? or * to list all spells.
Aiming: Airstrike (safe; 1% risk of failure)
Press: ? - help, Dir - move target, f/p - ice dragon
Aim: an ice dragon (freezing vapour, lightly wounded, catching its breath)
You feel a surge of power!
The air twists around and strikes the ice dragon!!
The ice dragon is moderately wounded.
The ice dragon is engulfed in freezing vapours.
Aiming: Phantom Mirror
Press: ? - help, Dir - move target, f/p - ice dragon
Aim: an ice dragon (freezing vapour, moderately wounded, catching its breath)
You reflect the ice dragon with the mirror!
The mirror clouds!
The ice dragon is engulfed in freezing vapours.
Your ice dragon is engulfed in freezing vapours.
The ice dragon completely misses you. x3
What are your orders? t - Shout!
Orders for allies: a - Attack new target. p - Attack previous target. r - Retreat! s - Stop attacking. g - Guard the area. f - Follow me.
Anything else - Cancel.
Gang up on whom?
Press: ? - help, Dir - move target, f/p - ice dragon
Aim: an ice dragon (freezing vapour, moderately wounded, catching its breath, ally target) Attack!
Your ice dragon is engulfed in freezing vapours.
Your ice dragon bites the ice dragon.
Your ice dragon claws the ice dragon.
Your ice dragon closely misses the ice dragon.
The ice dragon is engulfed in freezing vapours.
The ice dragon breathes frost at you. The blast of cold hits you!!!
Ouch! That really hurt!
You die...

#...................#####...#...#
###.....#####.....###. #...##...
..##...##...##...##.. #........
...#...#.....#...#..## #.......)
...##..'.....'..##§§§## #........
....#'##.....##'#.§§§. ##...###.
....#..##...##^.#.D§ ##. ##
###'#)..##'##...#D### # #
#)#.....#...#.).@.#[## #
..#.....#...#.....#..# #.
.)##...##...##...##..## ....
...#####.....#####....# .....#
...'.............'....# .....
####################### #....
..## ..


You could see an ice dragon (catching breath, ally target) and a friendly ice
dragon (summoned, drained).

Vanquished Creatures
  Harold (D:8)
  2 hydras
  3 centaur warriors (D:13)
  A boulder beetle (D:13)
  3 two-headed ogres
  A deep elf pyromancer (D:12)
  3 ugly things (D:12)
  2 cyclopes (D:12)
  Joseph (D:9)
  2 gargoyles
  2 trolls
  Grinder (D:5)
  A dream sheep (shapeshifter) (D:11)
  13 slime creatures
  Sigmund (D:6)
  4 shadows
  A wraith (D:11)
  Eustachio (D:5)
  2 basilisks (D:12)
  13 yaks
  Edmund (D:5)
  2 acid dragons
  2 water moccasins
  2 ice beasts
  3 orc warriors
  A hornet zombie (D:8)
  A sky beast (D:7)
  2 black bears (D:9)
  A necrophage (D:6)
  2 ogres (D:4)
  6 centaurs
  2 phantoms
  Blork the orc (D:6)
  2 bullfrogs (D:9)
  A gnoll sergeant (D:5)
  A water moccasin zombie (D:5)
  6 scorpions
  2 troll zombies (D:9)
  19 killer bees
  4 howler monkeys
  5 centaur zombies
  2 centaur skeletons (D:6)
  2 gnoll shamans
  5 orc priests
  3 hounds
  A human zombie (Ossuary)
  A bullfrog skeleton (D:6)
  Ijyb (D:4)
  2 scorpion zombies
  Natasha (thrice) (D:2)
  6 iguanas
  4 orc wizards
  A killer bee zombie (D:7)
  4 ogre zombies (D:9)
  A hound zombie (D:5)
  4 mummies (Ossuary)
  A howler monkey zombie (D:6)
  18 gnolls
  10 adders
  A white imp (D:7)
  2 ufetubi
  3 dart slugs
  19 orcs
  8 endoplasms
  2 giant cockroaches
  7 goblins
  5 hobgoblins
  10 jackals
  2 kobolds
  A quokka (D:1)
  13 ball pythons
  10 bats
  4 frilled lizards
  A goblin skeleton (D:9)
  5 goblin zombies
  A hobgoblin skeleton (D:9)
  3 hobgoblin zombies
  A kobold zombie (Ossuary)
  3 orc skeletons (D:9)
  10 orc zombies
  6 rats
310 creatures vanquished.

Vanquished Creatures (others)
  12 fungi (D:9)
  9 plants (D:9)
  4 toadstools (D:12)
25 creatures vanquished.

Grand Total: 335 creatures vanquished

Notes
Turn   | Place    | Note
-------+----------+-------------------------------------------
     0 | D:1      | quinnr the Tengu Air Elementalist began the quest for the
                  | Orb.
     0 | D:1      | Reached XP level 1. HP: 10/10 MP: 4/4
   300 | D:1      | Reached XP level 2. HP: 15/15 MP: 1/6
   510 | D:1      | Found a faded altar of an unknown god.
   517 | D:1      | Reached skill level 5 in Air Magic
   829 | D:1      | Reached XP level 3. HP: 4/19 MP: 2/7
  1512 | D:2      | Found Dysaeh's Distillery.
  1537 | D:2      | Bought a potion of curing for 36 gold pieces
  1788 | D:2      | Reached skill level 6 in Air Magic
  1970 | D:1      | Reached XP level 4. HP: 15/24 MP: 4/8
  2728 | D:2      | Reached skill level 7 in Air Magic
  2918 | D:2      | Noticed Natasha
  2923 | D:2      | Killed Natasha
  2924 | D:2      | Gained mutation: Your magical nature lets you fly swiftly
                  | and evasively. [Tengu growth]
  2924 | D:2      | Reached XP level 5. HP: 22/28 MP: 5/9
  3382 | D:2      | Noticed Natasha
  3386 | D:2      | Killed Natasha
  3387 | D:2      | Reached skill level 8 in Air Magic
  3573 | D:2      | Found Dysaeh's Distillery.
  3588 | D:2      | Noticed Natasha
  3594 | D:2      | Killed Natasha
  3785 | D:3      | Reached XP level 6. HP: 32/32 MP: 5/10
  4047 | D:3      | Found a runed translucent door.
  4056 | D:3      | Noticed Spaninq's ghost (amateur TrCK)
  4350 | D:3      | Learned a level 4 spell: Airstrike
  4898 | D:4      | Noticed Ijyb
  4902 | D:4      | Killed Ijyb
  5017 | D:4      | quinnr: ??distant
  5017 | D:4      | beem: portal distance[1/1]: Portal distance by adjective:
                  | very distant, >30; distant, >15; nearby, >7.
  5153 | D:4      | Reached skill level 9 in Air Magic
  5153 | D:4      | Reached XP level 7. HP: 36/36 MP: 0/12
  5278 | D:4      | Found a sand-covered staircase.
  5287 | Ossuary  | Entered an ossuary
  6015 | D:4      | Reached skill level 10 in Air Magic
  7301 | D:5      | Entered Level 5 of the Dungeon
  7382 | D:5      | Reached XP level 8. HP: 32/41 MP: 5/14
  7655 | D:5      | Reached skill level 11 in Air Magic
  7884 | D:5      | Reached skill level 1 in Fighting
  8061 | D:5      | Noticed Edmund
  8080 | D:5      | Killed Edmund
  8350 | D:5      | Noticed Grinder
  8362 | D:5      | Paralysed by Grinder for 5 turns
  8380 | D:5      | Noticed Eustachio
  8688 | D:5      | Found Uwiodd's Antique Armour Shoppe.
  8693 | D:5      | Killed Grinder
  8882 | D:4      | Reached skill level 12 in Air Magic
  9257 | D:5      | Killed Eustachio
  9258 | D:5      | Reached XP level 9. HP: 50/50 MP: 3/16
  9870 | D:5      | Found a blossoming altar of Fedhas.
 10154 | D:6      | Found a staircase to the Ecumenical Temple.
 10159 | D:6      | Reached skill level 1 in Armour
 10164 | Temple   | Entered the Ecumenical Temple
 10307 | Temple   | Became a worshipper of Vehumet
 10628 | D:6      | Reached skill level 5 in Dodging
 11171 | D:6      | Noticed Blork the orc
 11174 | D:6      | Killed Blork the orc
 11791 | D:6      | Noticed Sigmund
 11794 | D:6      | Killed Sigmund
 11795 | D:6      | Reached skill level 1 in Evocations
 12706 | D:7      | Reached * piety under Vehumet
 12706 | D:7      | Offered knowledge of Magic Dart by Vehumet.
 13754 | D:8      | Reached XP level 10. HP: 45/56 MP: 8/17
 14108 | D:8      | Reached skill level 13 in Air Magic
 14560 | D:8      | Reached skill level 5 in Conjurations
 14742 | D:8      | Reached ** piety under Vehumet
 14742 | D:8      | Offered knowledge of Freeze by Vehumet.
 15227 | D:8      | HP: 3/56 [killer bee (6)]
 15978 | D:9      | Reached skill level 14 in Air Magic
 16243 | D:9      | Noticed Joseph
 16615 | D:9      | Killed Joseph
 16861 | D:9      | Found a staircase to the Lair.
 17342 | D:9      | Found a staircase to the Orcish Mines.
 17518 | D:9      | Noticed Harold
 17528 | D:8      | Offered knowledge of Searing Ray by Vehumet.
 17529 | D:8      | Reached XP level 11. HP: 54/61 MP: 18/18
 17686 | D:8      | Killed Harold
 17687 | D:8      | Reached skill level 15 in Air Magic
 18630 | D:10     | Entered Level 10 of the Dungeon
 18701 | D:9      | Reached *** piety under Vehumet
 18927 | D:10     | Noticed a two-headed ogre
 18931 | D:10     | Killed a two-headed ogre
 18932 | D:10     | Reached skill level 16 in Air Magic
 20062 | D:10     | Learned a level 2 spell: Poisonous Vapours
 20066 | D:10     | Learned a level 3 spell: Mephitic Cloud
 20072 | D:10     | Learned a level 5 spell: Freezing Cloud
 20308 | D:11     | Noticed a salamander
 20513 | D:11     | Found a sparkling altar of Nemelex Xobeh.
 20545 | D:11     | Noticed a four-headed hydra
 20549 | D:11     | Killed a four-headed hydra
 20846 | D:11     | Found Miriygul's General Store.
 20960 | D:11     | Reached skill level 5 in Fighting
 20992 | D:11     | Noticed a two-headed ogre
 21014 | D:11     | Killed a two-headed ogre
 21015 | D:11     | Reached skill level 17 in Air Magic
 21068 | D:11     | Bought a scroll of summoning for 161 gold pieces
 21071 | D:11     | Identified a scroll of acquirement
 21072 | D:11     | Acquired a staff of air
 21277 | D:11     | Found a sparkling altar of Nemelex Xobeh.
 21481 | D:11     | Found Miriygul's General Store.
 21790 | D:12     | Noticed a green ugly thing
 21794 | D:12     | Killed a green ugly thing
 21795 | D:12     | Noticed a brown ugly thing
 21861 | D:12     | Killed a brown ugly thing
 21862 | D:12     | Reached XP level 12. HP: 62/68 MP: 9/19
 22849 | D:12     | Offered knowledge of Sticky Flame by Vehumet.
 22997 | D:12     | Found Qinicum's Jewellery Shoppe.
 23221 | D:13     | Noticed a centaur warrior
 23221 | D:13     | Noticed an eight-headed hydra
 23228 | D:12     | HP: 7/70 [eight-headed hydra (4)]
 23254 | D:12     | Killed an eight-headed hydra
 23255 | D:12     | Reached skill level 18 in Air Magic
 23542 | D:13     | Noticed a centaur warrior
 23546 | D:13     | Killed a centaur warrior
 23546 | D:13     | Noticed a centaur warrior
 23766 | D:13     | Killed a centaur warrior
 23946 | D:13     | Killed a centaur warrior
 24255 | D:13     | Noticed a boulder beetle
 24260 | D:13     | Killed a boulder beetle
 24261 | D:13     | Reached skill level 10 in Dodging
 24469 | D:13     | Noticed a two-headed ogre
 24481 | D:13     | Killed a two-headed ogre
 24922 | D:13     | Noticed an ice dragon
 24926 | D:13     | Killed from afar by an ice dragon

Illustrated notes

Levels and vault maps discovered:
D:1:      dpeg_arrival_subterranean_lakeside_camping, layout_basic,
          dreamdust_ecumenical_altar_statues, minmay_box_of_dots
D:2:      layout_loops_ring, serial_shops,
          nicolae_shop_temple_entry_statues_fountains,
          chequers_serial_rivers_micro_a, minmay_snake_closets, uniq_natasha
D:3:      layout_loops_ring, ebering_ghost_sewer_d, moated_statue,
          chequers_serial_rivers_large_a
D:4:      layout_loops_corners, enter_ossuary_1, mrwooster_statue_mirror,
          minmay_misc_feat_tower, minmay_fountain_box,
          kennysheep_generic_room_2, uniq_ijyb
D:5:      layout_layer_cave, fedhas_altar_4, serial_shops, nicolae_shop_stone,
          hangedman_abyss_or_decor_lesser_grid, uniq_grinder, uniq_eustachio,
          uniq_edmund
D:6:      layout_layer_cave, temple_green, uniq_blork_the_orc, uniq_sigmund
D:7:      layout_loops_cross, grunt_ministairs_6, kennysheep_nub
D:8:      layout_basic
D:9:      layout_loops_ring, grunt_lair_entry_orc_guard_hut, zombieorc1_lemuel,
          uniq_joseph, uniq_harold
D:10:     layout_cave_pods
D:11:     layout_basic, serial_shops, nicolae_shop_waterfront,
          nemelex_spade_bored_becter
D:12:     layout_small_grid, glass_columns_a, nicolae_stop_n_shop_2,
          minmay_gold_behind_fungi
D:13:     minmay_box_of_curves, layout_layer_cave, lemuel_flame_loot_1,
          uniq_nessos
Temple:   kilobyte_greek_temple

Skill      XL: |  1  2  3  4  5  6  7  8  9 10 11 12 |
---------------+-------------------------------------+-----
Air Magic      | 5 6 7 8 9 10 12 14 17 18 | 18.7
Stealth        | 3 |  3.0
Spellcasting   | 3 4 |  4.0
Fighting       | 3 4 5 6 |  6.0
Dodging        | 4 6 7 10 | 10.5
Armour         | 3 |  3.0
Evocations     | 4 |  4.0
Conjurations   | 3 9 |  9.0

Action                   |  1- 3 |  4- 6 |  7- 9 | 10-12 || total
-------------------------+-------+-------+-------+-------++-------
Melee: Unarmed           |     3 |       |       |       ||     3
       Kick              |     3 |       |     2 |     6 ||    11
       Peck              |     2 |       |     2 |     7 ||    11
       Dagger            |     4 |     1 |     9 |    16 ||    30
       Staff             |       |       |    10 |     9 ||    19
 Cast: Shock             |    69 |   110 |   190 |   276 ||   645
       Airstrike         |       |     5 |    86 |   145 ||   236
       Freezing Cloud    |       |       |       |    25 ||    25
       Mephitic Cloud    |       |       |       |     2 ||     2
       Poisonous Vapours |       |       |       |     1 ||     1
Evoke: Wand              |       |     2 |     7 |    13 ||    22
       Phantom mirror    |       |       |       |     1 ||     1
  Use: Scroll            |       |       |    23 |     6 ||    29
       Potion            |       |       |       |     3 ||     3
Armor: Robe              |     3 |     4 |     9 |       ||    16
       Leather armour    |       |       |     2 |    29 ||    31
Dodge: Dodged            |    16 |    17 |    61 |   191 ||   285

Table legend: (Time is in decaauts)
 A = Elapsed time spent in this place.
 B = Non-inter-level travel time spent in this place.
 C = Inter-level travel time spent in this place.
 D = Time resting spent in this place.
 E = Time spent auto-exploring this place.
 F = Levels seen in this place.
 G = Mean time per level.
                   A        B        C        D        E       F      G
               +--------+--------+--------+--------+--------+-----+--------+
         Total |  23837 |  22987 |    850 |   5108 |  15300 |  15 | 1589.1 |
       Dungeon |  22987 |  22150 |    837 |   4861 |  14886 |  13 | 1768.2 |
        Temple |    186 |    173 |     13 |      0 |    168 |   1 |  186.0 |
       Ossuary |    663 |    663 |      0 |    246 |    245 |   1 |  663.0 |
               +--------+--------+--------+--------+--------+-----+--------+

Top non-repeatable levels by time:
     D:9: 2372 daAuts
     D:5: 2293 daAuts
     D:8: 2266 daAuts
    D:11: 2043 daAuts
     D:7: 2017 daAuts
     D:4: 1981 daAuts
     D:2: 1896 daAuts
     D:6: 1843 daAuts
     D:1: 1746 daAuts
    D:12: 1289 daAuts
    D:13: 1123 daAuts
     D:3: 1071 daAuts
    D:10: 1042 daAuts
 Ossuary: 663 daAuts
  Temple: 186 daAuts
